 Dungeon Crawl Stone Soup version 0.30-a0-172-gc5509c9e31 (webtiles) character file.

Game seed: 14448419551043737719

493 gelatine the Firebug (level 6, -1/44 HPs)
             Began as a Demonspawn Fire Elementalist on Oct 2, 2022.
             Was an Initiate of Vehumet.
             Slain by Pikel
             ... wielding a +2 whip of freezing
              (2 damage)
             ... on level 4 of the Dungeon.
             The game lasted 00:16:58 (4367 turns).

gelatine the Firebug (Demonspawn Fire Elementalist) Turns: 4367, Time: 00:16:58

Health: -1/44      AC:  5    Str:  8 (9)  XL:     6   Next: 92%
Magic:  0/11       EV: 13    Int: 24      God:    Vehumet [......]
Gold:   20         SH:  0    Dex: 15      Spells: 6/12 levels left

rFire   + + .      SeeInvis .    f - +3 dagger (protect)
rCold   . . .      Faith    .    (no shield)
rNeg    . . .      Spirit   +    z - +0 robe {Will+}
rPois   +          Reflect  .    (helmet restricted)
rElec   +          Harm     .    (no cloak)
rCorr   +          Rampage  .    (no gloves)
Will    +....                    r - +2 pair of boots
Stlth   +++.......               (no amulet)
HPRegen 0.27/turn                q - ring of fire
MPRegen 0.24/turn                b - +6 ring of intelligence

@: mighty, resistant, attractive, unable to read
A: antennae 1, hooves 1, magic shield, magic regeneration, thin skeletal
structure 1, deterioration 1, inability to read after injury 1
a: Renounce Religion


You were on level 4 of the Dungeon.
You worshipped Vehumet.
Vehumet was noncommittal.
You visited 2 branches of the dungeon, and saw 5 of its levels.

You collected 97 gold pieces.
You spent 77 gold pieces at shops.

Inventory:

Hand Weapons
 f - a +3 dagger of protection (weapon)
 u - a +1 short sword of freezing
 A - a +1 whip of electrocution
Armour
 e - a +0 buckler
 r - a +2 pair of boots (worn)
 z - a +0 robe of willpower (worn)
Magical Staves
 k - a staff of air
 o - a staff of poison
Jewellery
 a - a +6 ring of strength
 b - a +6 ring of intelligence (right hand)
 q - a ring of fire (left hand)
Wands
 c - a wand of digging (5)
Scrolls
 d - a scroll of fog
 v - a scroll of acquirement
 w - 4 scrolls of teleportation
 y - 4 scrolls of vulnerability
 B - a scroll of immolation {unknown}
Potions
 h - a potion of resistance
 i - a potion of invisibility {unknown}
 j - a potion of cancellation {unknown}
 l - a potion of lignification {unknown}
 m - 2 potions of might
 n - a potion of mutation
 p - a potion of attraction
 t - a potion of berserk rage {unknown}
 x - 3 potions of haste {unknown}


   Skills:
 * Level 1.8 Fighting
 + Level 0.4 Short Blades
 * Level 2.7 Dodging
 * Level 2.9 Stealth
 + Level 3.5 Spellcasting
 * Level 3.0 Conjurations
 * Level 4.5 Fire Magic


You had 6 spell levels left.
You knew the following spells:

 Your Spells              Type           Power      Damage    Failure   Level
a - Foxfire               Conj/Fire      100%       2x1d9     2%          1
b - Scorch                Fire           78%        2d9       2%          2
c - Kindle Blastsparks    Fire/Tloc/Air  34%        2d12      17%         3

Your spell library contained the following spells:

 Spells                   Type           Power      Damage    Failure   Level
 Inner Flame              Hex/Fire       22%        N/A       12%         3
 Ignite Poison            Fire/Tmut/Pois 17%        N/A       17%         3
 Flame Wave               Conj/Fire      33%        2d10      22%         4
 Sticky Flame             Conj/Fire      33%        2d5       22%         4
 Ignition                 Fire           19%        3d7       100%        8


Dungeon Overview and Level Annotations

Branches:
Dungeon (4/15)             Temple (1/1) D:4

Altars:
Ashenzari
Dithmenos
Fedhas
Kikubaaqudgha
Makhleb
Nemelex Xobeh
Okawaru
Sif Muna
Trog
Vehumet
Wu Jian
Xom

Shops:
D:1 :   D:3 ?

Annotations:
D:4 1 runed translucent door, Crazy Yiuf, Pikel


Innate Abilities, Weirdness & Mutations

You have a pair of small antennae on your head.
You have large cloven feet.
When hurt, damage is shared between your health and your magic reserves.
You regenerate magic rapidly.
You have a somewhat thin skeletal structure. (Dex +2, Stealth+)
Your body sometimes deteriorates upon taking damage.
You occasionally lose the ability to read scrolls when taking damage.


Message History

Pikel is heavily wounded.
Pikel barely misses you.
You barely miss Pikel.
Pikel is heavily wounded.
Pikel hits you but does no damage.
Casting: Scorch (safe; 2% risk of failure)
Confirm with . or Enter, or press ? or * to list all spells.
You feel a surge of power!
Flames lash Pikel.
Pikel is severely wounded.
Pikel's fire resistance burns away.
Pikel hits you with a +2 whip of freezing!
You feel threatened and lose the ability to read scrolls!
* * * LOW HITPOINT WARNING * * *
Pikel freezes you.
* * * LOW HITPOINT WARNING * * *
You feel protected. Pikel completely misses you.
You feel better. Pikel hits you but does no damage.
You barely miss Pikel.
Pikel is severely wounded.
Pikel closely misses you.
You hit Pikel but do no damage.
Your weapon exudes an aura of protection.
Pikel is severely wounded.
Pikel completely misses you.
You closely miss Pikel.
Pikel is severely wounded.
Pikel is no longer more vulnerable to fire.
Pikel says, "It's all about the gold, really."
Pikel hits you with a +2 whip of freezing!
* * * LOW HITPOINT WARNING * * *
Pikel freezes you.
* * * LOW HITPOINT WARNING * * *
You feel better. Pikel hits you but does no damage.
You feel very mighty all of a sudden.
Pikel hits you with a +2 whip of freezing!
* * * LOW HITPOINT WARNING * * *
Your body deteriorates!
You feel weakened. Pikel freezes you.
You die...

#..##...##.'......
#..##...##.#......
#................#
#.#..............#
#....>..........[#
###K#............#
#.#............#
######.#...........##
#...@K5#...........##
#.#########.........#
#.#....# .#######.)
#.#..#.# ######.
#.##.#.# ........
#......# ########
####.### #######.#
#.......#


You could see Pikel and a lemure.

Vanquished Creatures
  Eustachio (D:4)
  An ogre (D:4)
  3 lemures (D:4)
  A necrophage (D:4)
  2 orc priests
  Terence (D:2)
  3 adders
  A shadow imp (D:3)
  2 dart slugs (D:4)
  8 orcs
  10 bats
  7 endoplasms
  A giant cockroach (D:3)
  9 goblins
  5 hobgoblins
  4 jackals (D:2)
  3 quokkas
  5 ball pythons
  A frilled lizard (D:1)
  12 kobolds
  3 rats
83 creatures vanquished.

Vanquished Creatures (others)
  346 foxfires
346 creatures vanquished.

Grand Total: 429 creatures vanquished

Notes
Turn   | Place    | Note
-------+----------+-------------------------------------------
     0 | D:1      | gelatine the Demonspawn Fire Elementalist began the quest
                  | for the Orb.
     0 | D:1      | Reached XP level 1. HP: 13/13 MP: 3/3
   255 | D:1      | Found a faded altar of an unknown god.
   340 | D:1      | Discovered your monstrous ancestry.
   340 | D:1      | Gained mutation: You have a pair of small antennae on your
                  | head. [demonic ancestry]
   340 | D:1      | Reached XP level 2. HP: 19/19 MP: 1/5
   426 | D:1      | Reached skill level 3 in Fire Magic
   654 | D:1      | Found Nofeih's Vocational Training.
  1449 | D:2      | Reached XP level 3. HP: 24/24 MP: 3/6
  1452 | D:2      | Learned a level 2 spell: Scorch
  1486 | D:2      | Noticed Terence
  1508 | D:2      | Killed Terence
  2066 | D:3      | Gained mutation: You regenerate magic rapidly. [demonic
                  | ancestry]
  2066 | D:3      | Reached XP level 4. HP: 31/31 MP: 1/7
  2115 | D:3      | Learned a level 3 spell: Kindle Blastsparks
  2663 | D:3      | Found Nautun's Magic Scroll Shoppe.
  2694 | D:3      | Bought a scroll of identify for 22 gold pieces
  2696 | D:3      | Identified 2 scrolls of acquirement
  2697 | D:3      | Acquired an Everburning Encyclopedia
  2719 | D:3      | Bought a scroll of identify for 22 gold pieces
  2719 | D:3      | Bought a scroll of teleportation for 33 gold pieces
  2919 | D:3      | Gained mutation: You have large cloven feet. [demonic
                  | ancestry]
  2919 | D:3      | Reached XP level 5. HP: 36/36 MP: 6/9
  3028 | D:4      | Noticed an ogre
  3035 | D:4      | Killed an ogre
  3036 | D:4      | Reached skill level 1 in Fighting
  3084 | D:4      | Reached skill level 4 in Fire Magic
  3123 | D:4      | Gained mutation: When hurt, damage is shared between your
                  | health and your magic reserves. [demonic ancestry]
  3123 | D:4      | Reached XP level 6. HP: 23/43 MP: 4/10
  3208 | D:4      | Found a runed translucent door.
  3209 | D:4      | Noticed Crazy Yiuf
  3638 | D:4      | Found a staircase to the Ecumenical Temple.
  3656 | Temple   | Entered the Ecumenical Temple
  3877 | Temple   | Became a worshipper of Vehumet
  3986 | D:4      | Noticed Eustachio
  4031 | D:4      | Killed Eustachio
  4318 | D:4      | Noticed Pikel
  4338 | D:4      | Gained mutation: Your body sometimes deteriorates upon
                  | taking damage. [potion of mutation]
  4338 | D:4      | Gained mutation: You occasionally lose the ability to read
                  | scrolls when taking damage. [potion of mutation]
  4338 | D:4      | Gained mutation: You have a somewhat thin skeletal
                  | structure. (Dex +2, Stealth+) [potion of mutation]
  4365 | D:4      | HP: 1/44 [Pikel/+2 whip of freezing (3)]
  4367 | D:4      | Slain by Pikel

Illustrated notes

Levels and vault maps discovered:
D:1:      reono_arrival_forest_river, layout_loops_ring,
          hellmonk_ecumenical_altar_crossroads, nicolae_shop_vocational
D:2:      layout_basic, nicolae_elevator_lobby_plus, uniq_terence
D:3:      layout_basic, serial_shops, nicolae_shop_advertising_works
          [nicolae_subvault_shop_adworks]
D:4:      layout_basic, minmay_temple_entry_stoned_glass, uniq_eustachio,
          uniq_pikel, uniq_crazy_yiuf_cottage
Temple:   nicolae_temple_figure_eight

Skill      XL: |  1  2  3  4  5  6 |
---------------+-------------------+-----
Fire Magic     | 3 4 |  4.5
Stealth        | 2 |  2.9
Dodging        | 2 |  2.7
Conjurations   | 2 3 |  3.0
Fighting       | 1 |  1.8
Spellcasting   | 3 |  3.5
Short Blades   | |  0.4

Action                   |  1- 3 |  4- 6 || total
-------------------------+-------+-------++-------
Melee: Dagger            |    23 |    65 ||    88
       Punch             |       |     1 ||     1
 Cast: Foxfire           |    89 |   116 ||   205
       Scorch            |     4 |    21 ||    25
  Use: Potion            |     1 |    10 ||    11
       Scroll            |       |     9 ||     9
Armor: Robe              |     1 |    26 ||    27
Dodge: Dodged            |    18 |    53 ||    71

Table legend: (Time is in decaauts)
 A = Elapsed time spent in this place.
 B = Non-inter-level travel time spent in this place.
 C = Inter-level travel time spent in this place.
 D = Time resting spent in this place.
 E = Time spent auto-exploring this place.
 F = Levels seen in this place.
 G = Mean time per level.
                   A        B        C        D        E       F      G
               +--------+--------+--------+--------+--------+-----+--------+
         Total |   4371 |   4195 |    176 |     45 |   3385 |   5 |  874.2 |
       Dungeon |   4140 |   3973 |    167 |     45 |   3184 |   4 | 1035.0 |
        Temple |    231 |    222 |      9 |      0 |    201 |   1 |  231.0 |
               +--------+--------+--------+--------+--------+-----+--------+

Top non-repeatable levels by time:
     D:1: 1225 daAuts
     D:4: 1188 daAuts
     D:2: 872 daAuts
     D:3: 854 daAuts
  Temple: 231 daAuts
